 Dungeon Crawl Stone Soup version 0.25-a0-544-gee0576305d (webtiles) character file.

Game seed: 9295240926108537153, levelgen mode: deterministic

2571 Esekla the Thaumaturge (level 9, -6/66 (67) HPs)
             Began as a Deep Elf Wizard on Feb 20, 2020.
             Was an Initiate of Ashenzari.
             Mangled by Menkaure (18 damage)
             ... on level 6 of the Dungeon.
             The game lasted 01:08:14 (8106 turns).

Esekla the Thaumaturge (Deep Elf Wizard)            Turns: 8106, Time: 01:08:15

HP:   -6/66 (67)    AC:  7    Str: 11    XL:     9   Next: 32%
MP:   21/26         EV: 14    Int: 27    God:    Ashenzari [......]
Gold: 434           SH:  0    Dex: 14    Spells: 19/30 levels left

rFire    . . .     SeeInvis .   f - +0 falchion
rCold    . . .     Gourm    +   (no shield)
rNeg     . . .     Faith    .   a - +0 robe
rPois    .         Spirit   .   m - +0 helmet
rElec    .         Reflect  .   q - +0 cloak
rCorr    .         Harm     .   B - +2 pair of gloves
MR       .....                  (no boots)
Stlth    ..........             x - amulet of the gourmand
HPRegen  0.21/turn              k - +3 ring of intelligence
MPRegen  0.20/turn              (no ring)

@: berserking, very quick
A: no striking features
a: Curse Item, Renounce Religion


You were on level 6 of the Dungeon.
You worshipped Ashenzari.
Ashenzari was noncommittal.
You were full.

You visited 2 branches of the dungeon, and saw 8 of its levels.

You collected 434 gold pieces.

Inventory:

Hand Weapons
 f - a +0 falchion (weapon)
 s - a +0 short sword
 G - a +2 vorpal spear
Missiles
 e - 6 silver javelins
 g - 14 boomerangs (quivered)
Armour
 a - a +0 robe (worn)
 m - a +0 helmet (worn)
 n - a +2 leather armour of cold resistance
 q - a +0 cloak (worn)
 w - a scarf of resistance
 B - a +2 pair of gloves (worn)
Jewellery
 k - a +3 ring of intelligence (left hand)
 t - a +5 ring of strength
 x - an amulet of the gourmand (around neck)
Wands
 C - a wand of flame (15)
 F - a wand of scattershot (7)
Scrolls
 b - 3 scrolls of teleportation {unknown}
 c - a scroll of noise {unknown}
 p - 3 scrolls of magic mapping
 r - a scroll of random uselessness {unknown}
 v - a scroll of fog {unknown}
 y - a scroll of remove curse
 z - a scroll of amnesia {unknown}
 H - a scroll of blinking {unknown}
 I - a scroll of identify
Potions
 h - 2 potions of might
 i - 2 potions of flight
 j - 2 potions of cancellation
 l - a potion of curing {unknown}
 o - 2 potions of haste
 u - a potion of degeneration {unknown}
 A - a potion of resistance {unknown}
 E - a potion of mutation {unknown}
 J - a potion of ambrosia {unknown}
Comestibles
 d - 14 rations


   Skills:
 + Level 1.4(1.8) Short Blades
 + Level 1.2(1.5) Long Blades
 + Level 2.0 Throwing
 + Level 4.1 Dodging
 - Level 2.4 Stealth
 * Level 11.4 Spellcasting
 * Level 6.3 Conjurations
 + Level 1.5 Hexes
   Level 1.1 Summonings
 + Level 2.1 Translocations
 + Level 2.0 Fire Magic
 * Level 2.9 Air Magic
 * Level 4.3 Poison Magic


You had 19 spell levels left.
You knew the following spells:

 Your Spells              Type           Power        Failure   Level  Hunger
a - Apportation           Tloc           ####..       1%          1    None
b - Blink                 Tloc           N/A          2%          2    None
c - Mephitic Cloud        Conj/Pois/Air  #####...     1%          3    None
d - Magic Dart            Conj           ####         1%          1    None
f - Conjure Flame         Conj/Fire      #####...     1%          3    None
i - Corona                Hex            ###....      1%          1    None

Your spell library contained the following spells:

 Spells                   Type           Power        Failure   Level  Hunger
 Summon Small Mammal      Summ           ###.         2%          1    None
 Animate Skeleton         Necr           N/A          3%          1    None
 Call Imp                 Summ           ###.....     3%          2    None
 Slow                     Hex            ###.....     3%          2    None


Dungeon Overview and Level Annotations

Branches:
Dungeon (7/15)             Temple (1/1) D:6

Altars:
Ashenzari
Cheibriados
Dithmenos
Elyvilon
Fedhas
Hepliaklqana
Kikubaaqudgha
Makhleb
Nemelex Xobeh
Okawaru
Qazlal
Ru
Sif Muna
Trog
Vehumet
Yredelemnul
Zin
The Shining One

Shops:
D:4 }

Annotations:
D:6 Menkaure
D:7 2 transporters, sigonnn's ghost, novice MiFi


Message History

Confirm with . or Enter, or press ? or * to list all spells.
Aiming: Magic Dart (safe; 1% risk of failure)
Press: ? - help, Shift-Dir - straight line, f/p - Menkaure
Aim: Menkaure (heavily damaged, fast)
The magic dart hits Menkaure.
Menkaure is severely damaged.
Menkaure hits you!
Casting: Magic Dart (safe; 1% risk of failure)
Confirm with . or Enter, or press ? or * to list all spells.
Aiming: Magic Dart (safe; 1% risk of failure)
Press: ? - help, Shift-Dir - straight line, f/p - Menkaure
Aim: Menkaure (severely damaged, fast)
The magic dart hits Menkaure but does no damage.
Menkaure is severely damaged.
Menkaure hits you!!
Ouch! That really hurt!
* * * LOW HITPOINT WARNING * * *
A red film seems to cover your vision as you go berserk!
You feel yourself moving faster!
You feel mighty! Menkaure hits you!!
You die...

##########################
+...................#....#
#.......M@..........'....#
#.......##....##...##...## ...
#.......########...######
....#........+..........#
....###'##..##..........#
.........#####.........######
(#+#.....#...#.........##...##
#.....#...#..........'.....
+.....'...#.......>..#.....


You could see Menkaure.

Vanquished Creatures
  A hippogriff (D:7)
  2 phantoms
  2 necrophages
  5 ogres
  A centaur (D:7)
  Blork the orc (D:6)
  4 bullfrogs
  A gnoll sergeant (D:7)
  3 scorpions
  A centaur zombie (D:5)
  2 crimson imps
  A jelly (D:7)
  2 orc priests (D:6)
  4 orc wizards
  A centaur skeleton (D:6)
  4 hounds
  Crazy Yiuf (D:2)
  2 worker ants
  4 iguanas
  Robin (D:2)
  A hound skeleton (D:5)
  A worker ant zombie (D:6)
  8 gnolls
  12 adders
  3 shadow imps
  An ooze (D:4)
  An adder skeleton (D:5)
  2 worms (D:2)
  2 dart slugs
  7 leopard geckos
  21 orcs
  A ball python (D:2)
  7 giant cockroaches
  18 goblins
  14 hobgoblins
  7 jackals
  10 kobolds
  2 quokkas
  8 bats
  6 frilled lizards
  A jackal skeleton (D:7)
  A jackal zombie (D:5)
  A quokka skeleton (D:5)
  9 rats
  A spectral orc (D:4)
188 creatures vanquished.

Notes
Turn   | Place    | Note
-------+----------+-------------------------------------------
     0 | D:1      | Esekla the Deep Elf Wizard began the quest for the Orb.
     0 | D:1      | Reached XP level 1. HP: 10/10 MP: 7/7
   180 | D:1      | Reached XP level 2. HP: 15/15 MP: 6/9
   184 | D:1      | Learned a level 2 spell: Blink
   353 | D:1      | Reached skill level 5 in Spellcasting
   829 | D:1      | Reached XP level 3. HP: 19/19 MP: 9/11
  1192 | D:2      | Reached skill level 6 in Spellcasting
  1218 | D:1      | Learned a level 3 spell: Mephitic Cloud
  1222 | D:1      | Learned a level 3 spell: Conjure Flame
  1380 | D:2      | Reached XP level 4. HP: 24/24 MP: 3/14
  1459 | D:2      | Noticed Robin
  1467 | D:2      | Killed Robin
  1737 | D:2      | Found a runed translucent door.
  1738 | D:2      | Noticed Crazy Yiuf
  2334 | D:2      | Killed Crazy Yiuf
  2334 | D:2      | Reached skill level 1 in Air Magic
  2334 | D:2      | Reached XP level 5. HP: 22/28 MP: 6/16
  2564 | D:3      | Reached skill level 1 in Fire Magic
  3217 | D:3      | Learned a level 1 spell: Apportation
  3219 | D:3      | Learned a level 1 spell: Corona
  3255 | D:4      | Noticed a phantom
  3286 | D:4      | Reached skill level 1 in Poison Magic
  3465 | D:4      | Reached skill level 1 in Short Blades
  3465 | D:4      | Reached XP level 6. HP: 32/32 MP: 12/17
  3589 | D:4      | Reached skill level 7 in Spellcasting
  3898 | D:4      | Found a basalt altar of Yredelemnul.
  3914 | D:4      | Found Nalit's Gadget Emporium.
  4002 | D:5      | Entered Level 5 of the Dungeon
  4012 | D:5      | Reached skill level 1 in Hexes
  4017 | D:5      | Reached XP level 7. HP: 25/36 MP: 6/20
  4302 | D:5      | Found a sparkling altar of Nemelex Xobeh.
  4701 | D:6      | Reached skill level 8 in Spellcasting
  5260 | D:6      | Reached skill level 5 in Conjurations
  5348 | D:6      | Reached skill level 9 in Spellcasting
  5348 | D:6      | Reached XP level 8. HP: 37/41 MP: 12/23
  5348 | D:6      | Noticed Menkaure
  6016 | D:6      | Noticed Blork the orc
  6029 | D:6      | Killed Blork the orc
  6032 | D:6      | Found a bloodstained altar of Trog.
  6076 | D:6      | Found a staircase to the Ecumenical Temple.
  6158 | Temple   | Entered the Ecumenical Temple
  6227 | Temple   | Became a worshipper of Ashenzari the Shackled
  6627 | D:7      | Noticed a hippogriff
  6673 | D:7      | Killed a hippogriff
  6673 | D:7      | Reached skill level 10 in Spellcasting
  7070 | D:7      | Reached skill level 1 in Throwing
  7229 | D:7      | Reached XP level 9. HP: 43/44 MP: 11/25
  7255 | D:7      | Reached skill level 11 in Spellcasting
  7527 | D:7      | Noticed sigonnn's ghost (novice MiFi)
  7533 | D:7      | Found a transporter.
  7537 | D:7      | Found a bloodstained altar of Trog.
  7559 | D:7      | Noticed a moth of wrath
  7818 | D:7      | Reached skill level 1 in Long Blades
  7887 | D:7      | Found a transporter.
  8106 | D:6      | Mangled by Menkaure

Levels and vault maps discovered:
D:1:      tarquinn_simple_flora_water_f, layout_basic
D:2:      layout_loops_ring, first_ration, uniq_crazy_yiuf_cottage, uniq_robin
D:3:      layout_loops_ring, minmay_goblin_kobold_house
D:4:      layout_basic, yredelemnul_forgotten_temple_becter, serial_shops,
          shop_fountains
D:5:      layout_loops_cross, nemelex_xobeh_ov_fountains_minmay
D:6:      layout_gridville, minmay_temple_entry_junction_2,
          trog_three_pillars_becter, uniq_menkaure, uniq_blork_the_orc
D:7:      layout_loops_cross, gammafunk_ghost_wrathful_warriors
Temple:   nicolae_temple_elliptical

Skill      XL: |  1  2  3  4  5  6  7  8  9 |
---------------+----------------------------+-----
Spellcasting   | 5 6 7 9 10 11 | 11.4
Conjurations   | 2 3 5 6 |  6.3
Air Magic      | 1 2 |  2.9
Fire Magic     | 1 2 |  2.0
Dodging        | 3 4 |  4.1
Poison Magic   | 1 2 3 4 |  4.3
Short Blades   | 1 |  1.4
Hexes          | 1 |  1.5
Translocations | 2 |  2.1
Throwing       | 1 2 |  2.0
Long Blades    | 1 |  1.2
Stealth        | |  2.4
Summonings     | |  1.1

Action                   |  1- 3 |  4- 6 |  7- 9 || total
-------------------------+-------+-------+-------++-------
Melee: Short sword       |    41 |    49 |    60 ||   150
       Trident           |    17 |     9 |    34 ||    60
       Falchion          |       |       |    24 ||    24
       Spear             |       |       |    18 ||    18
Throw: Boomerang         |       |     7 |    16 ||    23
 Cast: Magic Dart        |    73 |   144 |   245 ||   462
       Conjure Flame     |     3 |     1 |    13 ||    17
       Mephitic Cloud    |       |     8 |    23 ||    31
       Blink             |       |     1 |    10 ||    11
  Use: Scroll            |       |     2 |     6 ||     8
       Potion            |       |       |     1 ||     1
 Stab: Sleeping          |     7 |     5 |     1 ||    13
       Confused          |       |     3 |     6 ||     9
  Eat: Chunk             |     1 |     8 |    18 ||    27
Armor: Robe              |    15 |    23 |    56 ||    94
Dodge: Dodged            |    33 |    52 |   123 ||   208
       Rpst.: Falchion   |       |       |    17 ||    17

Table legend:
 A = Non-vault XP
 B = Vault XP
 C = Vault XP percentage of total XP
 D = Non-vault monster count
 E = Vault monster count
 F = Vault count percentage of total count
                 A         B        C        D         E       F
            +---------+---------+-------+---------+---------+-------
      Total |    3491 |     183 |   5.0 |     170 |      18 |   9.6
            +---------+---------+-------+---------+---------+-------
        D:1 |      41 |       0 |   0.0 |      26 |       0 |   0.0
        D:2 |     109 |      75 |  40.8 |      30 |      12 |  28.6
        D:3 |     107 |       8 |   7.0 |      22 |       4 |  15.4
        D:4 |     261 |       1 |   0.4 |       9 |       1 |  10.0
        D:5 |     485 |       0 |   0.0 |      24 |       0 |   0.0
        D:6 |     698 |      99 |  12.4 |      25 |       1 |   3.8
        D:7 |    1790 |       0 |   0.0 |      34 |       0 |   0.0
            +---------+---------+-------+---------+---------+-------
